 Dungeon Crawl Stone Soup version 0.23.2-1-ga50397a6bc (webtiles) character file.

Game seed: 2720076721205186446

16371 Ashenai the Fighter (level 12, -2/113 HPs)
             Began as a Minotaur Berserker on May 15, 2019.
             Was a High Priest of Trog.
             Shot with an arrow by a centaur (7 damage)
             ... on level 2 of the Orcish Mines.
             The game lasted 01:13:35 (10362 turns).

Ashenai the Fighter (Minotaur Berserker)           Turns: 10362, Time: 01:13:35

Health: -2/113     AC: 18    Str: 25    XL:     12   Next: 9%
Magic:  11/11      EV:  8    Int:  4    God:    Trog [*****.]
Gold:   820        SH: 11    Dex: 10    Spells: 11/11 levels left

rFire    + . .     SeeInvis +   y - +7 captain's cutlass {speed, disarm}
rCold    + . .     Gourm    .   K - +0 shield
rNeg     . . .     Faith    .   S - +0 plate armour
rPois    .         Spirit   .   (helmet restricted)
rElec    .         Reflect  .   f - scarf {rC+ rF+}
rCorr    .         Harm     .   (no gloves)
MR       +++..                  C - +2 pair of boots
Stlth    ..........             (no amulet)
HPRegen  1.28/turn              a - ring of see invisible
MPRegen  0.12/turn              W - ring of protection from magic

@: regenerating
A: retaliatory headbutt, hooves 1, horns 2, clumsy 1, wild magic 1
a: Berserk, Trog's Hand, Brothers in Arms, Renounce Religion


You were on level 2 of the Orcish Mines.
You worshipped Trog.
Trog was extremely pleased with you.
You were not hungry.

You visited 3 branches of the dungeon, and saw 14 of its levels.

You collected 932 gold pieces.
You spent 112 gold pieces at shops.

Inventory:

Hand Weapons
 b - a +0 dagger
 i - a +0 dagger
 l - a +4 shortbow of flaming
 t - a +0 short sword
 y - the +7 captain's cutlass (weapon) {speed, disarm}
   (You took it off an orc on level 5 of the Dungeon)

   Attacks with this weapon are significantly faster.
 D - a +0 short sword
 G - a +0 club
 L - a +2 short sword of freezing
 O - a +0 hand axe
 R - a +0 mace
 X - a +0 dagger
 Z - a +1 battleaxe of venom
Missiles
 o - 17 tomahawks
 E - 4 exploding tomahawks (quivered)
Armour
 f - a scarf of resistance (worn)
 h - a +0 leather armour
 q - a +0 robe
 x - a +0 scale mail
 C - a +2 pair of boots (worn)
 H - a +0 chain mail
 K - a +0 shield (worn)
 N - a +0 leather armour
 Q - a +0 plate armour
 S - a +0 plate armour (worn)
 T - the +3 leather armour "Roamy" {rF+ rC++}
   (You found it on level 11 of the Dungeon)

   It protects you from fire.
   It greatly protects you from cold.
 U - a +0 plate armour
 Y - a cursed +0 ring mail
Jewellery
 a - a ring of see invisible (left hand)
 u - an uncursed ring of positive energy
 P - an uncursed ring of protection from cold
 W - a ring of protection from magic (right hand)
Wands
 w - a wand of iceblast (6)
 B - a wand of paralysis (5)
 J - a wand of digging (8)
 M - a wand of flame (10)
Scrolls
 d - a scroll of fear
 g - 5 scrolls of fog
 k - 9 scrolls of teleportation
 m - 7 scrolls of identify
 n - a scroll of enchant armour
 p - 2 scrolls of magic mapping
 v - a scroll of remove curse
 F - 2 scrolls of blinking
 I - 2 scrolls of enchant weapon
Potions
 e - a potion of brilliance
 j - a potion of flight
 s - a potion of heal wounds
 z - a potion of haste
 A - a potion of curing
 V - a potion of might
Comestibles
 c - 25 rations
 r - 10 chunks of flesh


   Skills:
 * Level 12.4 Fighting
 + Level 11.1(11.4) Short Blades
   Level 5.0(9.4) Long Blades
 - Level 6.5 Axes
 * Level 11.0 Armour
 + Level 5.3 Dodging
 * Level 7.9 Shields


You had 11 spell levels left.
You didn't know any spells.
Your spell library contained the following spells:

 Spells                   Type           Power        Failure   Level  Hunger
 Confusing Touch          Hex            #.....       100%        1    ##.....
 Corona                   Hex            #......      100%        1    ##.....
 Ensorcelled Hibernation  Hex/Ice        #.....       100%        2    ###....
 Confuse                  Hex            #.......     100%        3    ####...
 Dazzling Spray           Conj/Hex       #.....       100%        3    ####...
 Gell's Gravitas          Tloc           #.........   100%        3    ####...
 Tukima's Dance           Hex            #.......     100%        3    ####...
 Petrify                  Tmut/Erth      #.......     100%        4    #####..
 Metabolic Englaciation   Hex/Ice        #.........   100%        5    ######.
 Yara's Violent Unravell  Hex/Tmut       #.........   100%        5    ######.


Dungeon Overview and Level Annotations

Branches:
Dungeon (11/15)            Temple (1/1) D:6            Lair (0/6) D:11
    Orc (2/2) D:11            Elf (0/3) Orc:2

Altars:
Ashenzari
Cheibriados
Dithmenos
Elyvilon
Fedhas
Gozag
Hepliaklqana
Kikubaaqudgha
Makhleb
Nemelex Xobeh
Okawaru
Qazlal
Ru
Sif Muna
Trog
Uskayaw
Vehumet
Wu Jian
Xom
Yredelemnul
Zin
The Shining One

Shops:
D:10 *   Orc:2 ((


Innate Abilities, Weirdness & Mutations

You reflexively headbutt those who attack you in melee.
You have a pair of horns on your head.
You have large cloven feet.
You are clumsy. (Dex -2)
Your spells are a little harder to cast, but a little more powerful.


Message History

An orc comes into view. It is wielding a +0 hand axe.
The orc shouts!
A centaur comes into view.
The centaur shoots an arrow.
The arrow barely misses you.
The orc warrior shoots a bolt.
The bolt barely misses you.
The centaur shoots an arrow.
The arrow barely misses you.
Things that are here:
a bolt; an arrow The centaur shoots an arrow.
You block the arrow.
The orc warrior shoots a bolt.
The bolt hits you!
* * * LOW HITPOINT WARNING * * *
Things that are here:
a bolt; an arrow
Okay, then.
Your skin crawls.
You feel resistant to hostile enchantments.
You feel somewhat more hungry.
The centaur shoots an arrow.
The arrow hits you but does no damage.
The centaur shoots an arrow.
The arrow hits you!
You die...

.∩................. ...
.∩.....)........... ≈≈≈#
...####≈≈≈≈(....#.. ≈≈≈≈##
###≈≈≈≈......#.. .o≈≈≈≈#
##≈≈≈≈..(..(..... ...c.≈≈≈#
#≈≈≈...)......#.. ...c..≈≈#
#≈≈...))..)..##..
#..##...###.(.##()##)[##...
......o.(@(.((((((..))(..#
.........()(((.).(..)...##
####.#...))##############
#......)...####### #
#...........#.#..# #
##....#...........## #
#.....###.###......## ##
##..#.## ####........####.
#......#####....#.....#...


You could see an orc warrior and 2 centaurs.

Vanquished Creatures
  A hydra (D:11)
  2 two-headed ogres
  Pikel (D:9)
  2 orc knights
  An ugly thing (D:11)
  A manticore (D:11)
  Joseph (D:10)
  A centaur skeleton (D:10)
  A komodo dragon (D:11)
  3 trolls
  A hippogriff (D:7)
  A hornet (D:9)
  A wyvern (D:10)
  3 yaks (D:10)
  Eustachio (D:5)
  5 vampire mosquitoes (D:11)
  Edmund (D:6)
  A steam dragon (D:9)
  An insubstantial wisp (D:11)
  A soldier ant (D:10)
  4 wargs
  An acid dragon (D:11)
  A water moccasin (D:10)
  21 orc warriors
  A swamp drake (D:11)
  A sky beast (D:7)
  A hornet zombie (D:10)
  2 phantoms
  3 ice beasts
  2 slaves (D:9)
  6 ogres
  9 centaurs
  2 crocodiles (D:11)
  Blork the orc (D:6)
  6 bullfrogs
  A wyvern zombie (D:9)
  3 scorpions
  4 killer bees (D:9)
  8 wights
  A crimson imp (D:5)
  A bullfrog zombie (D:6)
  A centaur zombie (D:6)
  5 quasits
  7 hounds
  2 jellies
  15 orc priests
  23 orc wizards
  4 bullfrog skeletons
  2 iguanas
  Terence (D:2)
  2 worker ants
  3 worker ant zombies
  Robin (D:2)
  6 adders
  4 gnolls (D:9)
  4 shadow imps
  3 adder skeletons
  An adder zombie (D:5)
  3 worms
  4 dart slugs
  4 leopard geckos
  60 orcs
  6 giant cockroaches
  14 goblins
  10 hobgoblins
  6 jackals
  3 quokkas
  A ball python (D:1)
  6 bats
  5 frilled lizards
  A jackal skeleton (D:5)
  6 kobolds
  3 quokka skeletons
  A quokka zombie (D:9)
  6 rats
  A fungus (D:11)
  2 plants (D:11)
335 creatures vanquished.

Vanquished Creatures (collateral kills)
  10 orc warriors (Orc:2)
  A centaur (Orc:2)
  2 orcs (Orc:2)
13 creatures vanquished.

Vanquished Creatures (others)
  A slave (D:9)
  An orc (D:9)
  A plant (D:11)
3 creatures vanquished.

Grand Total: 351 creatures vanquished

Notes
Turn   | Place    | Note
-------+----------+-------------------------------------------
     0 | D:1      | Ashenai the Minotaur Berserker began the quest for the Orb.
     0 | D:1      | Reached XP level 1. HP: 19/19 MP: 0/0
   121 | D:1      | Reached skill level 4 in Fighting
   123 | D:1      | Reached XP level 2. HP: 26/27 MP: 1/1
   905 | D:2      | Noticed Terence
   911 | D:2      | Killed Terence
   911 | D:2      | Reached XP level 3. HP: 34/34 MP: 2/2
  1153 | D:2      | Reached XP level 4. HP: 18/41 MP: 3/3
  1320 | D:2      | Reached ** piety under Trog
  1342 | D:2      | Noticed Robin
  1373 | D:2      | Killed Robin
  1373 | D:2      | Reached skill level 5 in Fighting
  1728 | D:3      | Found a sacrificial altar of Ru.
  2038 | D:3      | Found a glowing golden altar of the Shining One.
  2097 | D:3      | Reached skill level 5 in Long Blades
  2097 | D:3      | Reached XP level 5. HP: 46/48 MP: 4/4
  2382 | D:4      | Reached skill level 1 in Axes
  2385 | D:4      | Reached *** piety under Trog
  2512 | D:4      | Reached XP level 6. HP: 56/56 MP: 5/5
  2613 | D:4      | Found a blossoming altar of Fedhas.
  2838 | D:4      | Found a burning altar of Makhleb.
  2838 | D:4      | Noticed a cacodemon
  2841 | D:4      | Noticed a neqoxec
  2841 | D:4      | Noticed a hellwing
  2875 | D:5      | Entered Level 5 of the Dungeon
  2875 | D:5      | Noticed an ice beast
  2881 | D:5      | Killed an ice beast
  2881 | D:5      | Reached skill level 6 in Fighting
  2881 | D:5      | Reached skill level 5 in Armour
  2881 | D:5      | Reached XP level 7. HP: 61/63 MP: 6/6
  3001 | D:5      | Reached skill level 5 in Axes
  3012 | D:5      | Found a shadowy altar of Dithmenos.
  3013 | D:5      | Found a bloodstained altar of Trog.
  3013 | D:5      | Found an opulent altar of Gozag.
  3016 | D:5      | Found a shimmering altar of Xom.
  3020 | D:5      | Found a radiant altar of Vehumet.
  3021 | D:5      | Found a glowing silver altar of Zin.
  3021 | D:5      | Found a hide-covered altar of Uskayaw.
  3051 | D:5      | Noticed Eustachio
  3090 | D:5      | Killed Eustachio
  3090 | D:5      | Reached skill level 7 in Fighting
  3090 | D:5      | Reached XP level 8. HP: 70/73 MP: 7/7
  3258 | D:5      | Reached **** piety under Trog
  3473 | D:5      | Found a white marble altar of Elyvilon.
  3632 | D:6      | Noticed Blork the orc
  3633 | D:6      | Killed Blork the orc
  3670 | D:6      | Reached skill level 1 in Short Blades
  3697 | D:6      | Found a staircase to the Ecumenical Temple.
  4132 | D:6      | Noticed Edmund
  4144 | D:6      | Killed Edmund
  4144 | D:6      | Reached skill level 8 in Fighting
  4413 | Temple   | Entered the Ecumenical Temple
  4999 | D:7      | Reached XP level 9. HP: 82/82 MP: 8/8
  5688 | D:8      | Reached skill level 5 in Short Blades
  5717 | D:8      | Found a snail-covered altar of Cheibriados.
  5866 | D:8      | Reached skill level 9 in Fighting
  6032 | D:9      | Noticed a troll
  6033 | D:9      | Noticed Pikel
  6043 | D:9      | Killed a troll
  6065 | D:9      | Killed Pikel
  6106 | D:9      | Reached ***** piety under Trog
  6136 | D:9      | You fall through a shaft for 2 floors!
  6168 | D:11     | Got a scorched leather armour
  6179 | D:11     | Identified the +3 leather armour "Roamy" {rF+ rC++} (You
                  | found it on level 11 of the Dungeon)
  6246 | D:10     | Entered Level 10 of the Dungeon
  6352 | D:10     | Noticed a two-headed ogre
  6359 | D:10     | Killed a two-headed ogre
  6359 | D:10     | Reached skill level 10 in Fighting
  6359 | D:10     | Reached skill level 1 in Shields
  6359 | D:10     | Reached XP level 10. HP: 69/93 MP: 9/9
  6497 | D:10     | Gained mutation: You are partially covered in iridescent
                  | scales. (AC +2) [potion of mutation]
  6497 | D:10     | Gained mutation: You are clumsy. (Dex -2) [potion of
                  | mutation]
  6497 | D:10     | Gained mutation: You possess an exceptional clarity of
                  | mind. [potion of mutation]
  6498 | D:10     | Lost mutation: You are clumsy. (Dex -2) [potion of
                  | mutation]
  6498 | D:10     | Lost mutation: You possess an exceptional clarity of mind.
                  | [potion of mutation]
  6498 | D:10     | Lost mutation: You are partially covered in iridescent
                  | scales. (AC +2) [potion of mutation]
  6498 | D:10     | Gained mutation: You have large cloven feet. [potion of
                  | mutation]
  6498 | D:10     | Gained mutation: You are clumsy. (Dex -2) [potion of
                  | mutation]
  6498 | D:10     | Gained mutation: Your spells are a little harder to cast,
                  | but a little more powerful. [potion of mutation]
  6861 | D:9      | Noticed a two-headed ogre
  6875 | D:9      | Killed a two-headed ogre
  7641 | D:10     | Found Woemud's Assorted Antiques.
  7653 | D:10     | Bought a lumpy silvery potion for 17 gold pieces
  7653 | D:10     | Bought a knobbly diamond ring for 95 gold pieces
  7708 | D:10     | Noticed Joseph
  7720 | D:10     | Killed Joseph
  7720 | D:10     | Reached skill level 5 in Dodging
  7760 | D:10     | Reached skill level 11 in Fighting
  8002 | D:10     | Reached skill level 5 in Shields
  8002 | D:10     | Reached XP level 11. HP: 38/102 MP: 10/10
  8212 | D:11     | Noticed a five-headed hydra
  8229 | D:11     | Killed a five-headed hydra
  8309 | D:11     | Received a gift from Trog
  8403 | D:11     | Found a staircase to the Orcish Mines.
  8576 | D:11     | Reached skill level 10 in Armour
  8746 | D:11     | Noticed a red ugly thing
  8759 | D:11     | Killed a red ugly thing
  8806 | D:11     | Reached skill level 10 in Short Blades
  8852 | D:11     | Found a staircase to the Lair.
  9120 | Orc:1    | Entered Level 1 of the Orcish Mines
  9125 | Orc:1    | Noticed an orc knight
  9144 | Orc:1    | Killed an orc knight
  9313 | Orc:2    | Entered Level 2 of the Orcish Mines
  9354 | Orc:2    | Found a staircase to the Elven Halls.
  9581 | Orc:2    | Reached skill level 12 in Fighting
  9589 | Orc:2    | Noticed an orc knight
  9608 | Orc:2    | Killed an orc knight
 10232 | Orc:2    | Received a gift from Trog
 10257 | Orc:2    | Reached XP level 12. HP: 26/113 MP: 11/11
 10317 | Orc:2    | Found Miga's Weapon Boutique.
 10317 | Orc:2    | Found Asuenut's Antique Weapon Shoppe.
 10361 | Orc:2    | HP: 3/113 [orc warrior/bolt (17)]
 10362 | Orc:2    | Shot with an arrow by a centaur

Skill      XL: |  1  2  3  4  5  6  7  8  9 10 11 12 |
---------------+-------------------------------------+-----
Fighting       | 4 5 6 7 8 10 11 12 | 12.4
Long Blades    | 4 5 |  5.0
Armour         | 3 4 5 6 7 8 9 10 11 | 11.0
Axes           | 1 4 6 |  6.5
Dodging        | 3 4 5 |  5.3
Short Blades   | 3 7 9 10 11 | 11.1
Shields        | 1 5 7 |  7.9

Action                   |  1- 3 |  4- 6 |  7- 9 | 10-12 || total
-------------------------+-------+-------+-------+-------++-------
Melee: Falchion          |    53 |    50 |       |       ||   103
       Headbutt          |    13 |    25 |    44 |    87 ||   169
       War axe           |       |    70 |    59 |       ||   129
       Cutlass           |       |       |   192 |   510 ||   702
Throw: Stone             |     1 |       |     1 |       ||     2
       Tomahawk          |       |       |       |     1 ||     1
Invok: Berserk           |     2 |       |     3 |     3 ||     8
       Trog's Hand       |       |       |       |     2 ||     2
       Brothers in Arms  |       |       |       |     1 ||     1
  Use: Scroll            |       |     4 |     7 |    14 ||    25
       Potion            |       |       |     2 |     7 ||     9
 Stab: Sleeping          |     1 |       |       |       ||     1
  Eat: Chunk             |     2 |     6 |    10 |    17 ||    35
       Ration            |       |       |     1 |       ||     1
Armor: Animal skin       |    11 |       |       |       ||    11
       Chain mail        |       |    76 |    44 |       ||   120
       Ring mail         |       |       |    44 |       ||    44
       Leather armour    |       |       |     1 |    29 ||    30
       Plate armour      |       |       |       |    95 ||    95
Dodge: Dodged            |    43 |    47 |   100 |   110 ||   300
Block: Shield            |       |       |    10 |   203 ||   213
       Rpst.: Falchion   |    12 |     3 |       |       ||    15
